 Dungeon Crawl Stone Soup version 0.29-a0-275-g389c0b56f3 (webtiles) character file.

Game seed: 8447085633189486460

2760 Morbidden the Grappler (level 9, 0/85 HPs)
             Began as a Troll Monk on Mar 12, 2022.
             Was an Elder of Cheibriados.
             Slain by a wyvern (18 damage)
             ... on level 8 of the Dungeon.
             The game lasted 00:08:49 (6835 turns).

Morbidden the Grappler (Troll Monk)                 Turns: 6835, Time: 00:08:50

Health: 0/85       AC:  4    Str: 30    XL:     9   Next: 41%
Magic:  11/11      EV: 13    Int: 19    God:    Cheibriados [****..]
Gold:   363        SH:  0    Dex: 21    Spells: 13/13 levels left

rFire   . . .      SeeInvis .     - Unarmed
rCold   . . .      Faith    .   (no shield)
rNeg    . . .      Spirit   .   a - +0 robe
rPois   .          Reflect  .   (helmet restricted)
rElec   .          Harm     .   (no cloak)
rCorr   .          Rampage  .   (gloves unavailable)
Will    .....                   (boots unavailable)
Stlth   ++........              i - amulet of magic regeneration
HPRegen 1.04/turn               (no ring)
MPRegen 0.52/turn               (no ring)

@: lethally poisoned (0 -> -2), very slow
A: large, unfitting armour, claws 3, regeneration 1, shaggy fur 1, tough skin 1
a: Renounce Religion, Bend Time, Temporal Distortion, Slouch


You were on level 8 of the Dungeon.
You worshipped Cheibriados.
Cheibriados was greatly pleased with you.
You visited 1 branch of the dungeon, and saw 9 of its levels.

You collected 363 gold pieces.

Inventory:

Armour
 a - a +0 robe (worn)
Jewellery
 i - an amulet of magic regeneration (around neck)
Wands
 m - a wand of iceblast (6)
 x - a wand of charming (1) (quivered)
 y - a wand of acid (7)
Scrolls
 c - 3 scrolls of fog
 e - 2 scrolls of enchant armour {unknown}
 h - 3 scrolls of noise
 j - a scroll of enchant weapon {unknown}
 k - a scroll of vulnerability {unknown}
 o - a scroll of summoning {unknown}
 r - a scroll of fear {unknown}
 s - 3 scrolls of blinking
 u - 2 scrolls of immolation {unknown}
 A - a scroll of identify
Potions
 b - a potion of ambrosia
 d - 2 potions of heal wounds {unknown}
 f - a potion of mutation {unknown}
 g - 3 potions of attraction
 l - a potion of cancellation {unknown}
 n - a potion of berserk rage {unknown}
 p - 2 potions of lignification
 q - 3 potions of flight
 t - a potion of invisibility
 v - a potion of resistance {unknown}
 w - a potion of curing {unknown}
 z - a potion of might


   Skills:
 * Level 4.4 Fighting
 * Level 5.0 Dodging
 + Level 2.2 Stealth
 * Level 9.2 Unarmed Combat
 * Level 2.5 Spellcasting
 * Level 3.1 Invocations


You had 13 spell levels left.
You didn't know any spells.
Your spell library contained the following spells:

 Spells                   Type           Power      Damage    Failure   Level
 Call Canine Familiar     Summ           2%         N/A       43%         3
 Inner Flame              Hex/Fire       2%         N/A       43%         3
 Portal Projectile        Hex/Tloc       4%         N/A       43%         3
 Tukima's Dance           Hex            2%         N/A       43%         3
 Anguish                  Hex/Necr       1%         N/A       85%         4
 Cause Fear               Hex            1%         N/A       85%         4
 Leda's Liquefaction      Hex/Erth       1%         N/A       85%         4
 Conjure Ball Lightning   Conj/Air       1%         3x3d6     100%        6
 Enfeeble                 Hex            1%         N/A       100%        7
 Discord                  Hex            1%         N/A       100%        8
 Disjunction              Tloc           1%         N/A       100%        8


Dungeon Overview and Level Annotations

Branches:
Dungeon (9/15)             Temple (0/1) D:5
   Lair: D:8-11         Orc: D:9-12

Altars:
Cheibriados
Sif Muna

Shops:
D:3 [

Annotations:
D:8 Joseph


Innate Abilities, Weirdness & Mutations

You are too large for most types of armour.
You have claws for hands.
Your natural rate of healing is unusually fast.
You are covered in fur. (AC +1)
You have tough skin. (AC +1)


Message History

The killer bee poisons you!
Unknown command.
You claw the killer bee! Your claw misses the killer bee.
The killer bee is severely wounded.
You feel very sick. The killer bee misses you. The killer bee stings you.
You are more poisoned.
The killer bee poisons you!
Unknown command.
You barely miss the killer bee.
The killer bee is severely wounded.
You feel very sick. The killer bee closely misses you.
The killer bee stings you but does no damage.
Unknown command.
You barely miss the killer bee.
The killer bee is severely wounded.
You feel very sick. The killer bee stings you.
You are more poisoned.
The killer bee poisons you!
Unknown command.
You closely miss the killer bee.
The wyvern hisses angrily.
You claw the killer bee.
You kill the killer bee!
Cheibriados thoroughly appreciates the change of pace.
You feel very sick.
Unknown command.
You feel extremely sick.
Unknown command.
You feel very sick. The wyvern closely misses you.
You feel very sick. The wyvern bites you!
* * * LOW HITPOINT WARNING * * *
The wyvern closely misses you.
There is a stone staircase leading up, spattered with blood here.
You feel sick. The wyvern bites you!!
You die...

###..##.#[...#
#..........# # #.#.
.#..........#F#.
#....
...........#.'. #..
..##.......>...# #..
...........÷#.# . ..
##.........# # ..##.
#......l..#
.....#####..†..#@.##
..............##..#
..###.....$.#.##..#
........##.##.##..#
..###.#.##.##.##..#
..............##
###.#...$......#
#+####.##.##.# ...
..


You could see a wyvern and a bullfrog (wandering).

Vanquished Creatures
  Prince Ribbit (D:5)
  A wyvern (D:8)
  Duvessa (D:5)
  2 ice beasts
  2 sky beasts (D:7)
  A phantom (D:6)
  A centaur (D:9)
  3 bullfrogs
  3 scorpions
  4 wights
  Dowan (D:5)
  5 killer bees
  5 hounds
  3 orc priests
  A jelly (D:7)
  3 iguanas
  Natasha (thrice) (D:2)
  10 orc wizards
  2 adders (D:5)
  14 gnolls
  A shadow imp (D:6)
  2 white imps
  2 ufetubi
  4 worms
  14 orcs
  5 endoplasms
  3 giant cockroaches
  5 goblins
  8 hobgoblins
  3 jackals (D:1)
  7 quokkas
  6 ball pythons
  4 bats
  3 frilled lizards
  4 kobolds
  10 rats
147 creatures vanquished.

Notes
Turn   | Place    | Note
-------+----------+-------------------------------------------
     0 | D:1      | Morbidden the Troll Monk began the quest for the Orb.
     0 | D:1      | Reached XP level 1. HP: 22/22 MP: 0/0
   166 | D:1      | Found a faded altar of an unknown god.
   315 | D:1      | Reached XP level 2. HP: 29/29 MP: 1/1
   707 | D:2      | Reached XP level 3. HP: 20/36 MP: 2/2
   813 | D:2      | Noticed Natasha
   821 | D:2      | Killed Natasha
   822 | D:2      | Reached skill level 4 in Unarmed Combat
   827 | D:2      | Noticed Natasha
   835 | D:2      | Killed Natasha
   836 | D:2      | Reached XP level 4. HP: 34/44 MP: 3/3
  1021 | D:2      | Noticed Natasha
  1349 | D:2      | Killed Natasha
  1430 | D:3      | Found Ekho's Armour Shoppe.
  1729 | D:3      | Reached XP level 5. HP: 52/52 MP: 4/4
  2626 | D:4      | Reached skill level 5 in Unarmed Combat
  2716 | D:4      | Found a snail-covered altar of Cheibriados.
  2802 | D:4      | Became a worshipper of Cheibriados the Contemplative
  2802 | D:4      | Reached * piety under Cheibriados
  2802 | D:4      | Reached ** piety under Cheibriados
  3475 | D:5      | Entered Level 5 of the Dungeon
  3570 | D:5      | Reached XP level 6. HP: 57/61 MP: 6/6
  3789 | D:5      | Noticed Dowan
  3791 | D:5      | Noticed Duvessa
  3809 | D:5      | Noticed Prince Ribbit
  3822 | D:5      | Killed Dowan
  3828 | D:5      | Killed Prince Ribbit
  3829 | D:5      | Reached skill level 1 in Spellcasting
  3829 | D:5      | Reached skill level 1 in Invocations
  3829 | D:5      | Reached XP level 7. HP: 48/67 MP: 7/7
  3879 | D:5      | Reached skill level 6 in Unarmed Combat
  3954 | D:5      | Killed Duvessa
  4481 | D:5      | Found a staircase to the Ecumenical Temple.
  4548 | D:6      | Reached *** piety under Cheibriados
  4692 | D:6      | Reached XP level 8. HP: 58/76 MP: 9/9
  4770 | D:6      | Reached skill level 7 in Unarmed Combat
  5676 | D:7      | Reached **** piety under Cheibriados
  5682 | D:7      | HP: 1/76 [ice beast (12)]
  5684 | D:7      | Reached skill level 8 in Unarmed Combat
  6000 | D:7      | You fall into a shaft and drop 2 floors!
  6055 | D:9      | Reached XP level 9. HP: 76/83 MP: 11/11
  6192 | D:7      | Reached skill level 9 in Unarmed Combat
  6194 | D:7      | Reached skill level 5 in Dodging
  6734 | D:7      | Found a shimmering blue altar of Sif Muna.
  6801 | D:8      | Noticed Joseph
  6835 | D:8      | Slain by a wyvern

Illustrated notes

Levels and vault maps discovered:
D:1:      kennysheep_arrival_seaside, layout_loops_ring,
          hellmonk_ecumenical_altar_heavens_door, nicolae_wormholes
D:2:      layout_rooms, minmay_misc_feat_chi,
          wander_ebering_terrifying_dragon_lair, uniq_natasha
D:3:      layout_basic, serial_shops, nicolae_diamond_shop
D:4:      layout_basic, cheibriados_altar_1,
          nicolae_concentric_dashed_squares_mild
D:5:      layout_basic, minmay_temple_entry_from_below_a,
          hangedman_decor_growths, uniq_duvessa, uniq_prince_ribbit1
D:6:      layout_basic
D:7:      layout_loops_ring, lemuel_blue_sif_altar, st_stairs_5
D:8:      layout_loops_ring, serial_shops, nicolae_shop_hallway_plus,
          minmay_the_grid_2x2 [minmay_the_grid_pillar_ring,
          minmay_the_grid_medium_cups, minmay_the_grid_odd_star,
          minmay_the_grid_prize_shrinking_boxes], uniq_grum, uniq_joseph,
          uniq_maggie, uniq_pikel
D:9:      layout_basic, general_overflow_altar, hiddenorc1_lemuel, hex_tiny,
          nicolae_good_shop, uniq_maurice

Skill      XL: |  1  2  3  4  5  6  7  8  9 |
---------------+----------------------------+-----
Unarmed Combat | 4 5 6 8 9 |  9.2
Dodging        | 3 4 5 |  5.0
Fighting       | 3 4 |  4.4
Spellcasting   | 1 2 |  2.5
Invocations    | 1 2 3 |  3.1
Stealth        | 2 |  2.2

Action                   |  1- 3 |  4- 6 |  7- 9 || total
-------------------------+-------+-------+-------++-------
Melee: Unarmed           |    82 |   123 |   227 ||   432
       Punch             |       |     2 |    10 ||    12
Evoke: Wand              |       |       |     5 ||     5
  Use: Potion            |       |     1 |     3 ||     4
       Scroll            |       |       |     8 ||     8
 Stab: Sleeping          |     3 |     4 |     5 ||    12
       Invisible         |       |       |     2 ||     2
       Distracted        |       |       |     2 ||     2
Armor: Robe              |    28 |    30 |    44 ||   102
       Skin              |       |     9 |     5 ||    14
Dodge: Dodged            |    37 |    65 |   150 ||   252

Table legend: (Time is in decaauts)
 A = Elapsed time spent in this place.
 B = Non-inter-level travel time spent in this place.
 C = Inter-level travel time spent in this place.
 D = Time resting spent in this place.
 E = Time spent auto-exploring this place.
 F = Levels seen in this place.
 G = Mean time per level.
                   A        B        C        D        E       F      G
               +--------+--------+--------+--------+--------+-----+--------+
         Total |   8527 |   8028 |    499 |    555 |   6047 |   9 |  947.4 |
       Dungeon |   8527 |   8028 |    499 |    555 |   6047 |   9 |  947.4 |
               +--------+--------+--------+--------+--------+-----+--------+

Top non-repeatable levels by time:
     D:7: 1712 daAuts
     D:5: 1419 daAuts
     D:6: 1395 daAuts
     D:4: 1172 daAuts
     D:2: 1009 daAuts
     D:3: 912 daAuts
     D:1: 671 daAuts
     D:8: 131 daAuts
     D:9: 102 daAuts
